 Dungeon Crawl Stone Soup version 0.28-a0-850-g09de17f5b5 (webtiles) character file.

Game seed: 17055314070348510890

65 marklar909 the Skirmisher (level 3, 0/31 HPs)
             Began as a Palentonga Fighter on Nov 13, 2021.
             Slain by a gnoll (7 damage)
             ... on level 1 of the Dungeon.
             The game lasted 00:01:31 (1591 turns).

marklar909 the Skirmisher (Palentonga Fighter)      Turns: 1591, Time: 00:01:32

Health: 0/31       AC:  6    Str: 20    XL:     3   Next: 92%
Magic:  3/3        EV:  7    Int:  8    God:
Gold:   64         SH:  4    Dex:  9    Spells: 2/2 levels left

rFire   + . .      SeeInvis +   a - +0 flail
rCold   + . .      Faith    .   c - +0 buckler
rNeg    . . .      Spirit   .   b - +0 scale mail
rPois   .          Reflect  .   (no helmet)
rElec   .          Harm     .   i - scarf {rC+ rF+}
rCorr   .          Rampage  .   (no gloves)
Will    .....                   (no barding)
Stlth   ..........              (no amulet)
HPRegen 0.10/turn               (no ring)
MPRegen 0.08/turn               (no ring)

@: no status effects
A: large, rugged brown scales 3, see invisible, deformed body, roll 1, armoured
tail
a: Rolling Charge


You were on level 1 of the Dungeon.
You visited 1 branch of the dungeon, and saw 2 of its levels.

You collected 64 gold pieces.

Inventory:

Hand Weapons
 a - a +0 flail (weapon)
Armour
 b - a +0 scale mail (worn)
 c - a +0 buckler (worn)
 i - a scarf of resistance (worn)
Jewellery
 k - a +4 ring of protection
 m - a ring of willpower
Scrolls
 e - 2 scrolls of amnesia {unknown}
 f - a scroll of noise {unknown}
 g - a scroll of teleportation {unknown}
 j - 2 scrolls of identify {unknown}
Potions
 d - a potion of might
 h - a potion of haste {unknown}
 l - a potion of heal wounds {unknown}


   Skills:
 * Level 3.4 Fighting
 + Level 2.9 Maces & Flails
 * Level 3.0 Armour
 + Level 2.6 Shields


You had 2 spell levels left.
You didn't know any spells.
Your spell library was empty.

Dungeon Overview and Level Annotations

Branches:
Dungeon (2/15)

Altars:
Vehumet

Shops:
D:2 [


Innate Abilities, Weirdness & Mutations

You are completely covered in rugged brown scales. (AC +3, +7% HP)
You have supernaturally acute eyesight. (SInv)
Armour fits poorly on your strangely shaped body.
You can roll at nearby foes to attack.
You have a long armoured tail.


Message History

You kill the gnoll!
You see here a +0 whip.
You see here a +0 whip.
You start resting.
HP restored.
There is a stone staircase leading down here.
You climb downwards.
The gnoll closely misses you.
There is a stone staircase leading up here.
The gnoll barely misses you. x2
You climb upwards.
There is a stone staircase leading down here.
You hit the gnoll but do no damage. You block the gnoll's attack.
Unknown command.
You hit the gnoll but do no damage. You tail-slap the gnoll.
The gnoll is lightly wounded.
The gnoll hits you but does no damage.
You barely miss the gnoll.
The gnoll is lightly wounded.
The gnoll hits you with a +0 spear! The gnoll hits you with a +0 spear.
You thump the gnoll!
Your tail-slap misses the gnoll.
The gnoll is severely wounded.
The gnoll hits you with a +0 spear.
You closely miss the gnoll.
The gnoll is severely wounded.
The gnoll hits you but does no damage.
You hit the gnoll but do no damage.
The gnoll is severely wounded.
The gnoll hits you with a +0 spear.
You barely miss the gnoll. You tail-slap the gnoll.
The gnoll is severely wounded.
The gnoll barely misses you. The gnoll hits you with a +0 spear!
You are too injured to fight recklessly!
You barely miss the gnoll.
You tail-slap the gnoll, but do no damage.
The gnoll is severely wounded.
The gnoll hits you with a +0 spear.
* * * LOW HITPOINT WARNING * * *
Okay, then.
The gnoll hits you from afar with a +0 spear!
You die...

#†#######.##.########.....###
#†##...##.##....# #.....#..
#.#.....#.....#.# #.....+..
#.......#.......# #.....#..
#.#.....#......## #........
##.##...##..)...#### #.#######
#..#######...g)....###........
#..).........>)...............
#.####.......@.###.###########
#..............# #.###########
###########...## #............
##...###############.
#....(....# #. #.........# #.
#.........# #. #.........# #.
##...###### #.


You could see a gnoll.

Vanquished Creatures
  A gnoll (D:1)
  2 adders (D:2)
  A worm (D:2)
  A dart slug (D:1)
  4 ball pythons
  4 bats
  3 endoplasms
  3 goblins (D:1)
  5 hobgoblins
  3 frilled lizards (D:1)
  2 kobolds (D:1)
  3 rats (D:1)
32 creatures vanquished.

Notes
Turn   | Place    | Note
-------+----------+-------------------------------------------
     0 | D:1      | marklar909 the Palentonga Fighter began the quest for the
                  | Orb.
     0 | D:1      | Reached XP level 1. HP: 19/19 MP: 1/1
   140 | D:1      | Reached XP level 2. HP: 20/25 MP: 2/2
  1040 | D:1      | Found a radiant altar of Vehumet.
  1113 | D:2      | Reached XP level 3. HP: 29/31 MP: 3/3
  1307 | D:2      | Found Garatrur's Antique Armour Boutique.
  1591 | D:1      | Slain by a gnoll

Illustrated notes

Levels and vault maps discovered:
D:1:      dpeg_arrival_lava_altar, layout_basic, minmay_misc_feat_enclosed
D:2:      minmay_alternating_diamond, layout_basic, serial_shops, shop_statue

Skill      XL: |  1  2  3 |
---------------+----------+-----
Armour         | 3 |  3.0
Fighting       | |  3.4
Maces & Flails | |  2.9
Shields        | |  2.6

Action                   || total
-------------------------++-------
Melee: Flail             ||   115
       Tailslap          ||    13
Armor: Scale mail        ||    60
Dodge: Dodged            ||    47
Block: Buckler           ||    15

Table legend: (Time is in decaauts)
 A = Elapsed time spent in this place.
 B = Non-inter-level travel time spent in this place.
 C = Inter-level travel time spent in this place.
 D = Time resting spent in this place.
 E = Time spent auto-exploring this place.
 F = Levels seen in this place.
 G = Mean time per level.
                   A        B        C        D        E       F      G
               +--------+--------+--------+--------+--------+-----+--------+
         Total |   1625 |   1593 |     32 |    176 |   1130 |   2 |  812.5 |
       Dungeon |   1625 |   1593 |     32 |    176 |   1130 |   2 |  812.5 |
               +--------+--------+--------+--------+--------+-----+--------+

Top non-repeatable levels by time:
     D:1: 1289 daAuts
     D:2: 336 daAuts
